 Dungeon Sprint DCSS version 0.19-a0-1697-g0595f0e (webtiles) character file.

1675 poirepourri the Unseen (level 8, -7/38 HPs)
             Began as a Spriggan Enchanter on Sept 26, 2016.
             Was a Follower of Dithmenos.
             Shot with an arrow by a centaur warrior (28 damage)
             ... in the Dungeon (Sprint I: "Red Sonja").
             The game lasted 00:01:37 (645 turns).

poirepourri the Unseen (Spriggan Enchanter)          Turns: 645, Time: 00:01:38

Health: -7/38      AC:  4    Str:  4    XL:     8   Next: 70%
Magic:  22/22      EV: 24    Int: 17    God:    Dithmenos [*.....]
Gold:   652        SH:  0    Dex: 18    Spells: 5 memorised, 13 levels left

rFire  . . .     SeeInvis +     o - +0 short sword (venom)
rCold  . . .     Gourm    .     b - +1 robe
rNeg   . . .     Faith    .     (shield restricted)
rPois  .         Spirit   .     (helmet restricted)
rElec  .         Dismiss  .     (no cloak)
rCorr  .         Reflect  .     (gloves unavailable)
MR     +....     Harm     .     (boots unavailable)
Stlth  +++++..... NoTele   +    (no amulet)
                                (no ring)
                                (no ring)

@: wreathed by umbra, very quick
A: unfitting armour, see invisible, herbivore 3, speed 3, slow metabolism 2
a: Renounce Religion


You were in the Dungeon.
You worshipped Dithmenos.
Dithmenos was aware of your devotion.
You were not hungry.

You visited 1 branch You collected 652 gold pieces.

Inventory:

Hand Weapons
 a - a +1 dagger
 n - a +0 blowgun
 o - a +0 short sword of venom (weapon)
Missiles
 p - 6 curare-tipped needles
Armour
 b - a +1 robe (worn)
Scrolls
 j - a scroll of blinking
 m - 2 scrolls of remove curse
Potions
 e - a potion of curing
 f - a potion of heal wounds
 g - a potion of haste
 h - 2 potions of magic
 i - a potion of ambrosia {unknown}
 k - a potion of agility {unknown}
Books
 c - a book of Maledictions

   Spells                             Type                      Level
   a - Corona                         Hexes                        1
   b - Ensorcelled Hibernation        Hexes/Ice                    2
   c - Confuse                        Hexes                        3
   d - Tukima's Dance                 Hexes                        3
   e - Dazzling Spray                 Conjuration/Hexes            3
Comestibles
 d - a bread ration


   Skills:
 + Level 1.7 Fighting
 + Level 5.8 Short Blades
 + Level 8.4 Dodging
 + Level 16.5 Stealth
 + Level 9.2 Spellcasting
 + Level 13.7 Hexes
 - Level 2.4 Ice Magic


You had 13 spell levels left.
You knew the following spells:

 Your Spells              Type           Power        Failure   Level  Hunger
a - Corona                Hex            ######.      1%          1    None
b - Ensorcelled Hibernat  Hex/Ice        #####.       1%          2    None
c - Confuse               Hex            ######..     1%          3    None
d - Tukima's Dance        Hex            ######..     1%          3    None
e - Dazzling Spray        Conj/Hex       ####..       1%          3    None


Dungeon Overview and Level Annotations

Branches:
Dungeon (1/1)

Altars:
Cheibriados
Dithmenos
Elyvilon
Fedhas
Gozag
Hepliaklqana
Kikubaaqudgha
Makhleb
Nemelex Xobeh
Okawaru
Qazlal
Ru
Sif Muna
Trog
Uskayaw
Vehumet
Xom
Yredelemnul
Zin
The Shining One
Jiyva
Lugonu

Shops:
D ![


Innate Abilities, Weirdness & Mutations

You are very small and have problems with some larger weapons.
You are too small for most types of armour.
You have supernaturally acute eyesight. (SInv)
You are a herbivore.
You cover ground extremely quickly.
You need consume almost no food.


Message History

There is an open door here.
You now have 652 gold pieces (gained 13).
You see here 27 stones.
m - 2 scrolls of remove curse (gained 1)
You see here 27 stones.
You open the door.
A centaur warrior comes into view.
There is an open door here.
You enter the shallow water.
Moving in this stuff is going to be slow.
A centaur warrior comes into view.
The centaur warrior shouts! x2
The centaur warrior wields a longbow.
The centaur warrior shoots an arrow.
The arrow hits you!
You hear a splash.
The centaur warrior wields a runed longbow.
It is covered in frost.
The centaur warrior shoots an arrow.
The arrow hits you!!
Ouch! That really hurt!
You die...

####################
.#..'..#.)'..#__#..+
.'..#.)'..#..'..'..#
.#####'#####'#__####
.####..#...#.####§§#
.#__####..##.#§§§§c#
.#_____##'#..+§§§§§
⌠#_.∩..÷'..._#§§@§c
##_..__##_.#'##'###
#_____###'#.#%§§.###
#########.####'###.##
+...'.....'.∩#
#.†.########## ##.##
#+#


You could see 2 centaur warriors.

Vanquished Creatures
  Sonja (D)
  A deep troll (D)
  A slime creature (D)
  Sigmund (D)
  A yak (D)
  An ogre (D)
  A jelly (D)
  Ijyb (D)
8 creatures vanquished.

Vanquished Creatures (others)
  A gargoyle (D)
1 creature vanquished.

Grand Total: 9 creatures vanquished

Notes
Turn   | Place    | Note
-------+----------+-------------------------------------------
     0 | D        | poirepourri the Spriggan Enchanter began the quest for the Orb.
     0 | D        | Reached XP level 1. HP: 9/9 MP: 5/5
     3 | D        | Noticed Ijyb
    15 | D        | Killed Ijyb
    15 | D        | Reached skill level 6 in Stealth
    15 | D        | Reached skill level 5 in Hexes
    15 | D        | Reached XP level 2. HP: 13/13 MP: 4/7
    47 | D        | Learned a level 2 spell: Ensorcelled Hibernation
   122 | D        | Noticed an ogre
   127 | D        | Killed an ogre
   127 | D        | Reached skill level 5 in Dodging
   127 | D        | Reached skill level 8 in Stealth
   127 | D        | Reached skill level 5 in Spellcasting
   127 | D        | Reached XP level 3. HP: 16/16 MP: 7/10
   127 | D        | Reached XP level 4. HP: 21/21 MP: 8/12
   230 | D        | Noticed Sigmund
   233 | D        | Killed Sigmund
   233 | D        | Reached skill level 11 in Stealth
   233 | D        | Reached XP level 5. HP: 25/25 MP: 12/14
   250 | D        | Learned a level 3 spell: Confuse
   254 | D        | Learned a level 3 spell: Tukima's Dance
   258 | D        | Learned a level 3 spell: Dazzling Spray
   259 | D        | Found a deep blue altar of Sif Muna.
   261 | D        | Found a radiant altar of Vehumet.
   265 | D        | Reached skill level 10 in Hexes
   265 | D        | Reached XP level 6. HP: 29/29 MP: 12/16
   303 | D        | Found Gypo's Distillery.
   303 | D        | Found an ancient bone altar of Kikubaaqudgha.
   303 | D        | Found a hazy altar of Hepliaklqana.
   303 | D        | Found a stormy altar of Qazlal.
   303 | D        | Found a hide-covered altar of Uskayaw.
   303 | D        | Found a blossoming altar of Fedhas.
   303 | D        | Found a bloodstained altar of Trog.
   303 | D        | Found an iron altar of Okawaru.
   303 | D        | Found a basalt altar of Yredelemnul.
   303 | D        | Found a glowing golden altar of the Shining One.
   303 | D        | Found a snail-covered altar of Cheibriados.
   303 | D        | Found a sacrificial altar of Ru.
   303 | D        | Found a glowing silver altar of Zin.
   303 | D        | Found a shadowy altar of Dithmenos.
   303 | D        | Found a white marble altar of Elyvilon.
   303 | D        | Noticed a yak
   304 | D        | Found an opulent altar of Gozag.
   305 | D        | Killed a yak
   305 | D        | Reached skill level 12 in Stealth
   306 | D        | Found a sparkling altar of Nemelex Xobeh.
   312 | D        | Became a worshipper of Dithmenos the Shadowed
   330 | D        | Found a burning altar of Makhleb.
   330 | D        | Found a viscous altar of Jiyva.
   330 | D        | Found a shimmering altar of Xom.
   330 | D        | Found a corrupted altar of Lugonu.
   330 | D        | Noticed a slime creature
   341 | D        | Killed a slime creature
   341 | D        | Reached skill level 1 in Fighting
   341 | D        | Reached skill level 13 in Stealth
   341 | D        | Reached XP level 7. HP: 30/33 MP: 12/19
   409 | D        | Noticed Sonja
   413 | D        | Killed Sonja
   413 | D        | Reached skill level 5 in Short Blades
   413 | D        | Reached skill level 15 in Stealth
   413 | D        | Reached skill level 1 in Ice Magic
   413 | D        | Reached XP level 8. HP: 37/37 MP: 19/21
   427 | D        | Noticed a deep troll
   430 | D        | Killed a gargoyle
   444 | D        | Killed a deep troll
   444 | D        | Reached * piety under Dithmenos
   444 | D        | Reached skill level 16 in Stealth
   615 | D        | Found Yciunux's Armour Emporium.
   643 | D        | Noticed a centaur warrior
   645 | D        | Noticed a centaur warrior
   645 | D        | Shot with an arrow by a centaur warrior

Vault maps used:
D:        dungeon_sprint_1

Skill      XL: |  1  2  3  4  5  6  7  8 |
---------------+-------------------------+-----
Stealth        | 6 8 11 13 15 16 | 16.5
Spellcasting   | 3 5 6 7 8 9 |  9.2
Hexes          | 5 7 9 10 11 13 | 13.7
Short Blades   | 2 3 4 5 |  5.8
Dodging        | 5 7 8 |  8.4
Fighting       | 1 |  1.7
Ice Magic      | 1 2 |  2.4

Action                   |  1- 3 |  4- 6 |  7- 9 || total
-------------------------+-------+-------+-------++-------
Melee: Dagger            |    12 |     5 |     1 ||    18
       Short sword       |       |       |     2 ||     2
 Cast: Corona            |     1 |       |       ||     1
       Ensorcelled Hiber |       |     4 |     3 ||     7
  Use: Potion            |     1 |       |       ||     1
       Scroll            |       |       |     2 ||     2
 Stab: Sleeping          |     1 |     4 |     2 ||     7
Armor: Robe              |     1 |       |       ||     1
Dodge: Dodged            |     6 |     2 |     5 ||    13
